 Dungeon Crawl Stone Soup version 0.30.1-11-g7821555f0a (webtiles) character file.

Game seed: 13921182713712568747

809 ChrisAssaf the Ducker (level 7, -4/56 HPs)
             Began as a Gnoll Gladiator on Dec 7, 2023.
             Slain by Pikel
             ... wielding a +0 whip of flaming
              (6 damage)
             ... on level 4 of the Dungeon.
             The game lasted 00:08:46 (2593 turns).

ChrisAssaf the Ducker (Gnoll Gladiator)             Turns: 2593, Time: 00:08:47

Health: -4/56      AC:  9    Str: 13    XL:     7   Next: 92%
Magic:  11/11      EV: 11    Int:  9    God:
Gold:   111        SH:  0    Dex: 14    Spells: 11/11 levels left

rFire   . . .        a - +0 quarterstaff
rCold   . . .        (shield currently unavailable)
rNeg    . . .        j - +0 scale mail of Pessimism {rPois}
rPois   +            c - +2 helmet
rElec   .            (no cloak)
rCorr   .            (no gloves)
SInv    .            (no boots)
Will    .....        (no amulet)
Stlth   +            (no ring)
HPRegen 0.29/turn    (no ring)
MPRegen 0.12/turn

%: no passive effects
@: no status effects
A: fangs 1, strong nose, distributed training
a: no special abilities


You were on level 4 of the Dungeon.
You visited 1 branch of the dungeon, and saw 5 of its levels.

You collected 111 gold pieces.

Inventory:

Hand Weapons
 a - a +0 quarterstaff (weapon)
Armour
 c - a +2 helmet (worn)
 f - a +2 buckler
 j - the +0 scale mail of Pessimism (worn) {rPois}
   (You found it on level 4 of the Dungeon)

   rPois:     It protects you from poison.
Jewellery
 g - a ring of flight
Scrolls
 e - a scroll of fog
 i - a scroll of amnesia


   Skills:
 + Level 5.4 Fighting
 + Level 2.9 Short Blades
 + Level 2.9 Long Blades
 + Level 2.9 Axes
 + Level 2.9 Maces & Flails
 + Level 2.9 Polearms
 + Level 7.2 Staves
 + Level 2.9 Ranged Weapons
 + Level 5.4 Throwing
 + Level 2.9 Armour
 + Level 7.2 Dodging
 + Level 2.9 Stealth
 + Level 2.9 Shields
 + Level 2.9 Unarmed Combat
 + Level 2.9 Spellcasting
 + Level 2.3 Conjurations
 + Level 2.3 Hexes
 + Level 2.3 Summonings
 + Level 2.3 Necromancy
 + Level 2.3 Translocations
 + Level 2.3 Transmutations
 + Level 2.3 Fire Magic
 + Level 2.3 Ice Magic
 + Level 2.3 Air Magic
 + Level 2.3 Earth Magic
 + Level 2.3 Poison Magic
 + Level 3.2 Invocations
 + Level 2.9 Evocations


You had 11 spell levels left.
You didn't know any spells.
Your spell library contained the following spells:

 Spells                   Type           Power      Damage    Failure   Level
 Summon Ice Beast         Ice/Summ       5%         N/A       99%         4
 Summon Mana Viper        Hex/Summ       5%         N/A       100%        5
 Monstrous Menagerie      Summ           2%         N/A       100%        7


Dungeon Overview and Level Annotations

Branches:
Dungeon (5/15)
 Temple: D:4-7

Altars:
Kikubaaqudgha
Okawaru
Uskayaw

Shops:
D:5 *

Annotations:
D:4 Pikel


Innate Abilities, Weirdness & Mutations

You have very sharp teeth.
Your uncanny sense of smell can sniff out nearby items.
Your experience applies equally to all skills.


Message History

You hit the lemure.
The lemure is moderately wounded.
You feel less wooden.
Your +2 helmet unmelds from your body.
The +0 scale mail of Pessimism {rPois} unmelds from your body.
The lemure misses you.
You hit the lemure.
The lemure is heavily wounded.
The lemure hits you but does no damage.
You sock the lemure!
The lemure is almost dead.
The lemure barely misses you.
You hit the lemure.
You kill the lemure!
That felt strangely unrewarding.
You aren't carrying any potions.
Okay, then.
You sock Pikel! Your bite misses Pikel.
Pikel is lightly wounded.
Pikel hits you but does no damage.
You sock Pikel!
Pikel is moderately wounded.
Pikel zaps a wand.
Your mind is blasted!
* * * LOW HITPOINT WARNING * * *
You hit Pikel but do no damage. Your bite misses Pikel.
Pikel is moderately wounded.
Pikel hits you but does no damage.
You hit Pikel. You bite Pikel, but do no damage.
Pikel is heavily wounded.
Pikel zaps a wand.
You struggle to resist.
You hit Pikel but do no damage.
Pikel is heavily wounded.
Pikel hits you with a +0 whip of flaming.
* * * LOW HITPOINT WARNING * * *
Pikel burns you.
* * * LOW HITPOINT WARNING * * *
You miss Pikel.
Pikel is heavily wounded.
Pikel hits you with a +0 whip of flaming.
You die...

..).###.....###.....
#.......#........##..### #
#.......#...........###. #.
#...... #........#####..
###.##..... ####.##.###.P..<
#........# #......# #.....
.........# #..#.#### #..8P.
.........####..##.# ##.....
.........Z55K@.# #.# #...##..
.........Zg#######.###..###...
..........###..........##...#.
..........##..>...........####
.........###.............# #
.........###.............#
#.#....#†#........†......#
........5........†.......#
..#......................#


You could see Pikel, 2 lemures, a hobgoblin, a water moccasin skeleton and a
hound skeleton.

Vanquished Creatures
  Eustachio (D:5)
  A black bear (D:4)
  2 phantoms (D:5)
  2 lemures (D:4)
  A scorpion (D:3)
  A jelly (D:5)
  2 hounds
  2 iguanas
  Natasha (twice) (D:4)
  A scorpion zombie (D:4)
  A hound zombie (D:4)
  2 howler monkey zombies (D:4)
  6 adders
  2 white imps
  An adder skeleton (D:4)
  12 orcs
  2 ball pythons
  A bat (D:1)
  An endoplasm (D:1)
  2 giant cockroaches
  2 goblins
  3 hobgoblins
  2 jackals (D:2)
  2 kobolds
  2 quokkas
  A frilled lizard (D:2)
  2 rats
59 creatures vanquished.

Notes
Turn   | Place    | Note
-------+----------+-------------------------------------------
     0 | D:1      | ChrisAssaf the Gnoll Gladiator began the quest for the Orb.
     0 | D:1      | Reached XP level 1. HP: 20/20 MP: 1/1
   135 | D:1      | Reached XP level 2. HP: 24/26 MP: 2/2
   215 | D:2      | Found a hide-covered altar of Uskayaw.
   262 | D:2      | Reached XP level 3. HP: 13/31 MP: 3/3
   344 | D:2      | You fall into a shaft and drop 1 floor!
   400 | D:3      | Noticed a scorpion
   410 | D:3      | Killed a scorpion
   411 | D:3      | Reached skill level 1 in Short Blades
   411 | D:3      | Reached skill level 1 in Long Blades
   411 | D:3      | Reached skill level 1 in Axes
   411 | D:3      | Reached skill level 1 in Maces & Flails
   411 | D:3      | Reached skill level 1 in Polearms
   411 | D:3      | Reached skill level 1 in Ranged Weapons
   411 | D:3      | Reached skill level 1 in Armour
   411 | D:3      | Reached skill level 1 in Stealth
   411 | D:3      | Reached skill level 1 in Shields
   411 | D:3      | Reached skill level 1 in Unarmed Combat
   411 | D:3      | Reached skill level 1 in Spellcasting
   411 | D:3      | Reached skill level 1 in Conjurations
   411 | D:3      | Reached skill level 1 in Hexes
   411 | D:3      | Reached skill level 1 in Summonings
   411 | D:3      | Reached skill level 1 in Necromancy
   411 | D:3      | Reached skill level 1 in Translocations
   411 | D:3      | Reached skill level 1 in Transmutations
   411 | D:3      | Reached skill level 1 in Fire Magic
   411 | D:3      | Reached skill level 1 in Ice Magic
   411 | D:3      | Reached skill level 1 in Air Magic
   411 | D:3      | Reached skill level 1 in Earth Magic
   411 | D:3      | Reached skill level 1 in Poison Magic
   411 | D:3      | Reached skill level 1 in Invocations
   411 | D:3      | Reached skill level 1 in Evocations
   411 | D:3      | Reached XP level 4. HP: 31/38 MP: 5/5
   488 | D:4      | Noticed Natasha
   492 | D:4      | Killed Natasha
   503 | D:4      | Reached XP level 5. HP: 18/43 MP: 7/7
   662 | D:4      | Identified the +0 scale mail of Pessimism {rPois}
   694 | D:5      | Entered Level 5 of the Dungeon
   811 | D:4      | Reached XP level 6. HP: 28/50 MP: 8/8
  1172 | D:5      | Reached skill level 5 in Fighting
  1172 | D:5      | Reached skill level 5 in Throwing
  1409 | D:5      | Reached XP level 7. HP: 56/56 MP: 10/10
  1426 | D:5      | Found Kimoaz's Neck Hole.
  2049 | D:5      | Noticed Eustachio
  2150 | D:5      | Found an iron altar of Okawaru.
  2150 | D:5      | Found an ancient bone altar of Kikubaaqudgha.
  2260 | D:5      | Killed Eustachio
  2519 | D:4      | Noticed Pikel
  2521 | D:4      | Noticed Natasha
  2581 | D:4      | Killed Natasha
  2592 | D:4      | HP: 2/56 [Pikel/+0 whip of flaming (1)]
  2593 | D:4      | Slain by Pikel

Illustrated notes

Levels and vault maps discovered:
D:1:      heliophobic_arrival_battle_scene, layout_basic
D:2:      layout_basic, shapermc_ecumenical_altar_petra, basic_altar,
          minmay_pentomino_s2, uniq_terence
D:3:      layout_rooms, serial_shops, shop, minmay_vboxes
D:4:      layout_rooms, minmay_temple_entry_glass, serial_undead,
          serial_undead_b, serial_undead_a, serial_undead_e, serial_undead_e,
          uniq_natasha, uniq_pikel
D:5:      layout_cave_pools, gammafunk_temple_overflow_wave, roderic_lattice_a,
          mumra_transporter_accident, nicolae_shop_sticking_my_neck_out,
          uniq_eustachio

Skill      XL: |  1  2  3  4  5  6  7 |
---------------+----------------------+-----
Short Blades   | 1 2 |  2.9
Long Blades    | 1 2 |  2.9
Axes           | 1 2 |  2.9
Maces & Flails | 1 2 |  2.9
Polearms       | 1 2 |  2.9
Ranged Weapons | 1 2 |  2.9
Armour         | 1 2 |  2.9
Stealth        | 1 2 |  2.9
Shields        | 1 2 |  2.9
Unarmed Combat | 1 2 |  2.9
Spellcasting   | 1 2 |  2.9
Conjurations   | 1 2 |  2.3
Hexes          | 1 2 |  2.3
Summonings     | 1 2 |  2.3
Necromancy     | 1 2 |  2.3
Translocations | 1 2 |  2.3
Transmutations | 1 2 |  2.3
Fire Magic     | 1 2 |  2.3
Ice Magic      | 1 2 |  2.3
Air Magic      | 1 2 |  2.3
Earth Magic    | 1 2 |  2.3
Poison Magic   | 1 2 |  2.3
Invocations    | 1 2 3 |  3.2
Evocations     | 1 2 |  2.9
Fighting       | 5 |  5.4
Throwing       | 5 |  5.4
Staves         | 7 |  7.2
Dodging        | 7 |  7.2

Action                     |  1- 3 |  4- 6 |  7- 9 || total
---------------------------+-------+-------+-------++-------
  Melee: Quarterstaff      |    40 |   133 |   146 ||   319
         Bite              |     5 |    14 |    18 ||    37
  Throw: Javelin           |     8 |     4 |       ||    12
         Throwing net      |     1 |     2 |     6 ||     9
    Use: Scroll            |     5 |     3 |     4 ||    12
         Potion            |       |     1 |     2 ||     3
   Stab: Sleeping          |       |     1 |       ||     1
         Held in net/web   |       |       |     2 ||     2
 Armour: Leather armour    |     5 |    18 |       ||    23
         Scale mail        |       |    48 |    83 ||   131
         Skin              |       |       |    11 ||    11
  Dodge: Dodged            |    30 |   114 |    87 ||   231
